 Dungeon Crawl Stone Soup version 0.24-a0-445-gd5110b030a (webtiles) character file.

Game seed: 10652229075190182190

3806 forest the Covert (level 9, -2/45 HPs)
             Began as a Spriggan Assassin on June 22, 2019.
             Was a Follower of Dithmenos.
             Killed by nerve-wracking pain
             ... invoked by a shadow imp
              (3 damage)
             ... on level 7 of the Dungeon.
             The game lasted 00:24:21 (7877 turns).

forest the Covert (Spriggan Assassin)               Turns: 7877, Time: 00:24:21

Health: -2/45      AC:  3    Str:  9    XL:     9   Next: 96%
Magic:  10/10      EV: 26    Int: 19    God:    Dithmenos [*.....]
Gold:   390        SH:  0    Dex: 19    Spells: 8/8 levels left

rFire    . . .     SeeInvis +   r - +4 dagger
rCold    + . .     Gourm    .   (shield restricted)
rNeg     . . .     Faith    .   b - +0 robe
rPois    +         Spirit   .   (helmet restricted)
rElec    .         Reflect  .   o - +0 cloak "Wobet" {+Inv rPois rC+ Int+7}
rCorr    .         Harm     .   (gloves unavailable)
MR       +....                  (boots unavailable)
Stlth    +++++++...             (no amulet)
HPRegen  0.15/turn              q - +4 ring of slaying
MPRegen  0.12/turn              t - +2 ring of evasion

@: marked, wreathed by umbra, very quick
A: very small, unfitting armour, see invisible, herbivore, speed 3, slow
metabolism 2
a: Renounce Religion, Evoke Invisibility


You were on level 7 of the Dungeon.
You worshipped Dithmenos.
Dithmenos was aware of your devotion.
You were not hungry.

You visited 2 branches of the dungeon, and saw 8 of its levels.

You collected 390 gold pieces.

Inventory:

Hand Weapons
 r - a +4 dagger (weapon)
Missiles
 g - 122 stones (quivered)
 k - a boomerang
 m - 47 sling bullets
 w - 2 throwing nets
Armour
 b - a +0 robe (worn)
 o - the +0 cloak "Wobet" (worn) {+Inv rPois rC+ Int+7}
   (You acquired it on level 6 of the Dungeon)

   It affects your intelligence (+7).
   It protects you from cold.
   It protects you from poison.
   It lets you turn invisible.
Jewellery
 a - an uncursed amulet of rage
 q - a +4 ring of slaying (left hand)
 t - a +2 ring of evasion (right hand)
 u - an uncursed ring of wizardry
Wands
 v - a wand of digging (6)
Scrolls
 d - a scroll of fear
 n - 3 scrolls of identify
Potions
 c - 2 potions of magic
 h - 2 potions of flight
 i - a potion of berserk rage {unknown}
 s - a potion of lignification {unknown}
Comestibles
 f - 2 rations


   Skills:
 + Level 3.7 Fighting
 + Level 8.1 Short Blades
 + Level 6.7 Throwing
 + Level 8.0 Dodging
 + Level 13.2 Stealth


You had 8 spell levels left.
You didn't know any spells.
Your spell library was empty.

Dungeon Overview and Level Annotations

Branches:
Dungeon (7/15)             Temple (1/1) D:4

Altars:
Ashenzari
Dithmenos
Fedhas
Gozag
Hepliaklqana
Kikubaaqudgha
Makhleb
Nemelex Xobeh
Okawaru
Qazlal
Ru
Trog
Uskayaw
Wu Jian
Xom
Zin
The Shining One

Shops:
D:5 (

Annotations:
D:7 Harold


Innate Abilities, Weirdness & Mutations

You are very small and have problems with some larger weapons.
You are too small for most types of armour.
You have supernaturally acute eyesight. (SInv)
You are a herbivore.
You cover ground extremely quickly.
You need to consume almost no food.


Message History

The hellwing hits you.
You hit Harold.
Harold is severely wounded.
You barely miss Harold.
Harold is severely wounded.
The shadow imp completely misses you. Harold barely misses you.
The hellwing completely misses you. The hellwing hits you.
You closely miss Harold.
Harold is severely wounded.
You hit Harold.
Harold is severely wounded.
The shadow imp gestures at you. Pain shoots through your body!
* * * LOW HITPOINT WARNING * * *
The hellwing completely misses you. The hellwing hits you!
* * * LOW HITPOINT WARNING * * *
Harold closely misses you. The shadow imp gestures at you.
Pain shoots through your body!
You die...

####.# #.##...............
###..###
#..................
#......#
#..................
.......#
#..................
.......#
#..............####
.......####..............#
..............5@4........#
............(.(..........#
#.........###..(@........#
####......# #..(.(.......#
#.##...# #.###<########
...#'.......# #.#
######.....#.# #.#
......... #.# #....#...#
#.# .. .#. #.# #.#


You could see Harold, a hellwing and a shadow imp.

Vanquished Creatures
  2 centaur zombies (D:7)
  The ghost of akello96 the Insei, a novice DsTm (D:5)
  A centaur skeleton (D:7)
  Grinder (D:4)
  Duvessa (D:7)
  2 sky beasts
  3 ogres (D:4)
  7 centaurs
  A wyvern zombie (D:7)
  A bullfrog (D:7)
  2 scorpions (D:5)
  4 killer bees (D:6)
  Dowan (D:7)
  4 wights (D:4)
  2 crimson imps
  A bullfrog zombie (D:6)
  5 hounds
  An orc priest (D:6)
  A gnoll shaman (D:6)
  2 orc wizards (D:6)
  Jessica (D:2)
  3 worker ants
  Robin (D:2)
  5 gnolls (D:6)
  6 adders
  3 shadow imps
  2 leopard geckos (D:4)
  8 orcs
  7 bats
  8 giant cockroaches
  17 goblins
  6 hobgoblins
  6 jackals
  6 kobolds
  2 quokkas
  2 ball pythons (D:1)
  5 frilled lizards
  A leopard gecko skeleton (D:4)
  A quokka skeleton (D:4)
  6 rats
139 creatures vanquished.

Notes
Turn   | Place    | Note
-------+----------+-------------------------------------------
     0 | D:1      | forest the Spriggan Assassin began the quest for the Orb.
     0 | D:1      | Reached XP level 1. HP: 10/10 MP: 2/2
    29 | D:1      | Reached skill level 6 in Stealth
    84 | D:1      | Reached XP level 2. HP: 14/14 MP: 3/3
  1017 | D:1      | Reached XP level 3. HP: 18/18 MP: 4/4
  1076 | D:2      | Found an iron altar of Okawaru.
  1097 | D:2      | Reached skill level 7 in Stealth
  1285 | D:2      | Noticed Robin
  1302 | D:2      | Killed Robin
  1313 | D:2      | Reached XP level 4. HP: 21/23 MP: 5/5
  1496 | D:2      | Noticed Jessica
  1521 | D:2      | Killed Jessica
  2281 | D:3      | Found a burning altar of Makhleb.
  2288 | D:3      | Reached XP level 5. HP: 26/26 MP: 6/6
  2464 | D:4      | Noticed an ogre
  2476 | D:4      | Killed an ogre
  2476 | D:4      | Reached skill level 8 in Stealth
  2556 | D:4      | Noticed an ogre
  2563 | D:4      | Killed an ogre
  2563 | D:4      | Reached XP level 6. HP: 30/30 MP: 7/7
  2659 | D:4      | Noticed Grinder
  2690 | D:4      | Killed Grinder
  2690 | D:4      | Reached skill level 5 in Short Blades
  2690 | D:4      | Reached skill level 9 in Stealth
  2690 | D:4      | Reached XP level 7. HP: 19/35 MP: 8/8
  2873 | D:4      | Found a staircase to the Ecumenical Temple.
  2880 | Temple   | Entered the Ecumenical Temple
  2948 | Temple   | Became a worshipper of Dithmenos the Shadowed
  3549 | D:4      | Reached skill level 10 in Stealth
  3746 | D:5      | Entered Level 5 of the Dungeon
  3757 | D:5      | Found a bloodstained altar of Trog.
  3830 | D:5      | Reached XP level 8. HP: 38/39 MP: 9/9
  3851 | D:5      | Found Alyiv's Weapon Shop.
  3972 | D:5      | Reached skill level 11 in Stealth
  4117 | D:5      | Found a runed translucent door.
  4120 | D:5      | Noticed akello96's ghost (novice DsTm)
  4192 | D:5      | Reached skill level 5 in Dodging
  4244 | D:5      | Reached * piety under Dithmenos
  4590 | D:5      | Killed akello96's ghost
  4590 | D:5      | Reached skill level 5 in Throwing
  4770 | D:6      | Found a blossoming altar of Fedhas.
  4820 | D:6      | Reached skill level 12 in Stealth
  5090 | D:6      | Reached XP level 9. HP: 33/43 MP: 10/10
  5519 | D:6      | Identified a scroll of acquirement
  5520 | D:6      | Got a heavily runed cloak
  5531 | D:6      | Identified the +0 cloak "Wobet" {+Inv rPois rC+ Int+7} (You
                  | acquired it on level 6 of the Dungeon)
  6043 | D:7      | Noticed Dowan
  6046 | D:7      | Noticed Duvessa
  6051 | D:7      | Killed Dowan
  6107 | D:7      | Killed Duvessa
  6118 | D:7      | Reached skill level 13 in Stealth
  6277 | D:7      | Noticed a hellwing
  6406 | D:7      | Noticed a hellwing
  6642 | D:7      | Noticed Harold
  7387 | D:7      | HP: 1/45 [orc warrior/+0 trident (24)]
  7876 | D:7      | HP: 1/45 [hellwing (7)]
  7877 | D:7      | Killed from afar by a shadow imp

Levels and vault maps discovered:
D:1:      dpeg_arrival_tiny_g, layout_basic, minivault_27,
          minmay_shallow_snake_nest
D:2:      layout_loops_ring, first_ration, okawaru_metal_pillars_3, uniq_robin,
          uniq_jessica
D:3:      layout_basic, makhleb_heckhound_becter
D:4:      layout_layer_cave, temple_statues, uniq_grinder
D:5:      layout_cave_pools, ebering_ghost_reflecting_pool, serial_shops, shop,
          minmay_hedge_maze, bloody_trog
D:6:      layout_basic, fedhas_bush_and_centaur_altar
D:7:      cheibrodos_grave_circle, layout_basic, nicolae_overflow_crystal_walls,
          minmay_strange_pillars, uniq_harold, uniq_crazy_yiuf_cottage,
          uniq_duvessa
Temple:   zaba_magenta_temple

Skill      XL: |  1  2  3  4  5  6  7  8  9 |
---------------+----------------------------+-----
Stealth        | 6 7 8 9 10 12 13 | 13.2
Dodging        | 2 3 4 5 8 |  8.0
Short Blades   | 3 4 5 6 8 |  8.1
Fighting       | 2 3 |  3.7
Throwing       | 3 5 6 |  6.7

Action                   |  1- 3 |  4- 6 |  7- 9 || total
-------------------------+-------+-------+-------++-------
Melee: Dagger            |   114 |    70 |   323 ||   507
Throw: Dart              |     1 |    12 |    18 ||    31
       Boomerang         |       |       |    48 ||    48
  Use: Potion            |       |     2 |     1 ||     3
       Scroll            |       |       |    11 ||    11
 Stab: Sleeping          |    17 |    12 |    16 ||    45
       Distracted        |       |     1 |     1 ||     2
  Eat: Ration            |       |       |     3 ||     3
Armor: Robe              |    24 |     9 |    18 ||    51
Dodge: Dodged            |    75 |    48 |   283 ||   406

Table legend:
 A = Non-vault XP
 B = Vault XP
 C = Vault XP percentage of total XP
 D = Non-vault monster count
 E = Vault monster count
 F = Vault count percentage of total count
                 A         B        C        D         E       F
            +---------+---------+-------+---------+---------+-------
      Total |    2869 |    2569 |  47.2 |     115 |      24 |  17.3
            +---------+---------+-------+---------+---------+-------
        D:1 |      40 |       2 |   4.8 |      23 |       2 |   8.0
        D:2 |      66 |      66 |  50.0 |      19 |      10 |  34.5
        D:3 |      15 |      42 |  73.7 |      10 |       1 |   9.1
        D:4 |     646 |     258 |  28.5 |      17 |       1 |   5.6
        D:5 |     796 |     405 |  33.7 |      14 |       1 |   6.7
        D:6 |     829 |     118 |  12.5 |      24 |       1 |   4.0
        D:7 |     477 |    1678 |  77.9 |       8 |       8 |  50.0
            +---------+---------+-------+---------+---------+-------
